 Dungeon Crawl Stone Soup version 0.17.1-3-g152610e (webtiles) character file.

716 dobroeutro the Shield-Bearer (level 7, -5/45 HPs)
             Began as a Gargoyle Fighter on Apr 25, 2016.
             Killed by nerve-wracking pain
             ... invoked by Menkaure
              (14 damage)
             ... on level 4 of the Dungeon.
             The game lasted 00:06:21 (3152 turns).

dobroeutro the Shield-Bearer (Gargoyle Fighter)     Turns: 3152, Time: 00:06:22

Health: -5/45      AC: 19    Str: 21    XL:     7   Next: 69%
Magic:  7/7        EV:  5    Int:  9    God:
Gold:   163        SH: 10    Dex:  9    Spells: 0 memorised, 6 levels left

rFire  . . .     SeeInvis .     j - +1 mace (protect)
rCold  . . .     Clarity  +     b - +0 scale mail
rNeg   + . .     SustAt   .     c - +0 shield
rPois  ∞         Gourm    .     k - +0 helmet
rElec  +         Spirit   .     o - +0 cloak
rCorr  .         Warding  .     (no gloves)
rMut   .         Stasis   .     (no boots)
MR     .....                    x - amulet of clarity
Stlth  ..........               (no ring)
                                m - +3 ring of evasion

@: not resistant to hostile enchantments, extremely unstealthy
A: negative energy resistance 1, electricity resistance, unbreathing,
petrification resistance, rot immunity, AC +4
a: no special abilities


You were on level 4 of the Dungeon.
You were very hungry.

You visited 1 branch of the dungeon, and saw 4 of its levels.

You collected 163 gold pieces.

Inventory:

Hand Weapons
 a - a +0 flail
 j - a +1 mace of protection (weapon)
Missiles
 n - 7 javelins of penetration (quivered)
Armour
 b - a +0 scale mail (worn)
 c - a +0 shield (worn)
 k - a +0 helmet (worn)
 o - a +0 cloak (worn)
Jewellery
 m - a +3 ring of evasion (left hand)
 x - an amulet of clarity (around neck)
Wands
 i - a wand of confusion (4)
Scrolls
 f - a scroll of blinking {unknown}
 g - a scroll of recharging {unknown}
 h - 2 scrolls of noise {unknown}
 l - a scroll of immolation {unknown}
 p - 3 scrolls of identify {unknown}
 s - a scroll of amnesia {unknown}
 t - a scroll of random uselessness {unknown}
 u - a scroll of enchant weapon {unknown}
 v - a scroll of fog {unknown}
Potions
 d - a potion of might
 w - a potion of lignification {unknown}
 z - 2 potions of curing {unknown}
 A - a potion of degeneration {unknown}
Comestibles
 e - 3 bread rations
 q - a meat ration
 r - 3 fruits
 B - a beef jerky


   Skills:
 + Level 5.6 Fighting
 + Level 4.4 Maces & Flails
 + Level 5.3 Armour
 + Level 5.7 Shields


You had 6 spell levels left.
You didn't know any spells.

Dungeon Overview and Level Annotations

Branches:
Dungeon (4/15)
 Temple: D:4-7

Altars:
Elyvilon
Yredelemnul
The Shining One

Annotations:
D:4 Menkaure


Innate Abilities, Weirdness & Mutations

You are resistant to torment.
Your stone body is resilient (AC +4).
You are immune to poison.
You resist negative energy.
You are resistant to electric shocks.
You can survive without breathing.
You are immune to petrification.
You are immune to rotting.


Message History

Your body is wracked with pain!
Menkaure calls on the powers of darkness!
Your body is wracked with pain!
You hit Menkaure.
Menkaure is moderately damaged.
You block Menkaure's attack.
You thump Menkaure!
Menkaure is severely damaged.
Menkaure hits you!
* * * LOW HITPOINT WARNING * * *
You are too injured to fight recklessly!
Menkaure calls on the powers of darkness!
Your body is wracked with pain!
* * * LOW HITPOINT WARNING * * *
Menkaure points at you and mumbles some strange words.
You struggle to resist.
There is a stone staircase leading up here.
Menkaure points at you and mumbles some strange words.
Pain shoots through your body!
You die...

#.# #.# #$... #.#
#...o #.# #.... #.#
#.... #.# .... #.#
#.. ####@### ##.##
#....[.# #M#)#
#...M..# ####.####
#......# #...#M..#
#......#####..#.#..#
#..........####.####
#......###.M....#
#......# ########
#......#


You could see Menkaure.

Vanquished Creatures
  Grinder (D:3)
  The ghost of Charly the Ruffian, an amateur NaNe (D:3)
  Edmund (D:4)
  An orc priest (D:4)
  Crazy Yiuf (D:2)
  A hound (D:4)
  Terence (D:2)
  Natasha (twice) (D:3)
  Robin (D:2)
  4 adders
  3 worms
  3 giant geckos
  2 orcs
  14 goblins
  9 hobgoblins
  8 jackals
  A quokka (D:2)
  A ball python (D:1)
  4 bats
  3 giant newts
  7 kobolds
  6 rats
  A fungus (D:2)
76 creatures vanquished.

Notes
Turn   | Place    | Note
--------------------------------------------------------------
     0 | D:1      | dobroeutro the Gargoyle Fighter began the quest for the Orb.
     0 | D:1      | Reached XP level 1. HP: 14/14 MP: 1/1
   224 | D:1      | Reached XP level 2. HP: 19/19 MP: 2/2
   671 | D:2      | Reached XP level 3. HP: 18/23 MP: 3/3
   823 | D:2      | Noticed Terence
   828 | D:2      | Noticed Robin
   869 | D:2      | Killed Terence
   869 | D:2      | Reached skill level 4 in Fighting
   869 | D:2      | Reached XP level 4. HP: 20/29 MP: 4/4
   895 | D:2      | Killed Robin
  1214 | D:2      | Noticed Crazy Yiuf
  1237 | D:2      | Killed Crazy Yiuf
  1237 | D:2      | Reached XP level 5. HP: 22/34 MP: 5/5
  1339 | D:3      | Noticed Charly's ghost (amateur NaNe)
  1631 | D:3      | Killed Charly's ghost
  1631 | D:3      | Reached XP level 6. HP: 2/39 MP: 6/6
  1923 | D:3      | Noticed Grinder
  1936 | D:3      | Paralysed by Grinder for 3 turns
  1949 | D:3      | Killed Grinder
  1949 | D:3      | Reached skill level 5 in Fighting
  1949 | D:3      | Reached skill level 5 in Shields
  1949 | D:3      | Reached XP level 7. HP: 23/44 MP: 7/7
  2334 | D:3      | Found a white marble altar of Elyvilon.
  2336 | D:3      | Noticed Natasha
  2347 | D:3      | Killed Natasha
  2430 | D:3      | Found a glowing golden altar of the Shining One.
  2432 | D:3      | Noticed an angel
  2503 | D:3      | Found a basalt altar of Yredelemnul.
  2547 | D:3      | Noticed Natasha
  2550 | D:3      | Killed Natasha
  2550 | D:3      | Reached skill level 5 in Armour
  2613 | D:4      | Noticed Edmund
  2902 | D:4      | Killed Edmund
  2937 | D:4      | Noticed Menkaure
  3152 | D:4      | Killed from afar by Menkaure

Action                   |  1- 3 |  4- 6 |  7- 9 || total
-------------------------+-------+-------+-------++-------
Melee: Flail             |   165 |    44 |       ||   209
       Mace              |       |    91 |   134 ||   225
  Eat: Chunk             |       |     3 |     4 ||     7
